Cogmind - Beta 16.1 @@@ ROGUE MODE // 2026.03.21 @ 22:22:38 Player: Ceorik Result: Self-destructed Performance ------------- Evolutions (3) 1500 Regions Visited (11) 2200 Robots Destroyed (84) 420 Value Destroyed (2398) 2398 Prototype IDs (34) 680 Alien Tech Used (0) 0 Bonus (2623) 2623 TOTAL SCORE: 9821 Bonus ------- Follower Combat Kills 341 Aligned with FarCom 300 Destroyed Z-Imprinter 1000 Triggered Deep Caves Wall 500 Exposed GOLEM Chamber 500 Friendly Fire -18 Cogmind --------- Core Integrity 21/700 Matter 300/300 Energy 284/1100 System Corruption 0% Temperature Cool (0) Movement Walking (150) Location -6/Proximity Caves Parts ------- > --- POWER (1) -------- (None) > --- PROPULSION (3) --- Assembled Alloy Leg Assembled Alloy Leg > --- UTILITY (6) ------ Assembled Nanovents Large Storage Unit Assembled Biocell Array GOLEM Unit > --- WEAPON (3) ------- (None) > --- INVENTORY (15) --- Zionite Light DM Reactor Huge Storage Unit Zionite Biocell (600) Medium Matter Pod (0) Zionite Weapon Casing Hacking Drone Bay Bomb Factory No. 2 GOLEM Unit GOLEM Unit Lightning Gun Heavy Particle Cannon Ion Cannon Peak State ------------ > --- POWER ------------ Zionite Light DM Reactor > --- PROPULSION ------- Assembled Alloy Leg Armored Huge Wheel > --- UTILITY ---------- Assembled Nanovents Assembled Nanovents Huge Storage Unit Assembled Biocell Array GOLEM Unit > --- WEAPON ----------- Assembled Focal Cannon Assembled Focal Cannon Rocket Launcher > --- INVENTORY -------- Zionite Light DM Reactor Gravmag System Improved Heat Sink Experimental Heat Sink Huge Storage Unit Zionite Biocell Zionite Biocell Medium Matter Pod Improved Targeting Computer Matter Filter Zionite Weapon Casing Hacking Drone Bay Bomb Factory No. 2 GOLEM Unit GOLEM Unit Lightning Gun Lightning Gun Heavy Particle Cannon Ion Cannon Shock Bomb Launcher Blade Saw [Rating: 100] Favorites ----------- Power Deuterium Engine Engine Deuterium Engine Reactor Zionite Light DM Reactor Propulsion Wheel Treads Armored Treads Leg Makeshift Leg Wheel Wheel Utility Huge Storage Unit Device Cooling System Storage Huge Storage Unit Processor Advanced Visual Processing Unit Protection Hardened Light Armor Plating Weapon Improved Medium Laser Energy Gun Improved Medium Laser Energy Cannon Plasma Cannon Ballistic Gun Heavy Assault Rifle Ballistic Cannon Assault Cannon Launcher Rocket Launcher Slashing Weapon Blade Saw Build | -11 -10 -10 -10 -9 -8 -7 -7 -7 -7 -7 -6 ------- Run | Yrd Mat Min Exi Min Mat Fac Low Low Zio Dee Pro Slots Evolved 6 | . . . . . 4 2 . . . . . Power . | . . . . . . . . . . . . Propulsion 1 | . . . . . 1 . . . . . . Utility 4 | . . . . . 2 2 . . . . . Weapon 1 | . . . . . 1 . . . . . . Parts Attached 67 | 8 8 . 1 1 14 17 . 3 2 12 1 Power 7 | 1 1 . . . 2 1 . . . 2 . Engine 5 | 1 1 . . . 2 1 . . . . . Core . | . . . . . . . . . . . . Reactor 2 | . . . . . . . . . . 2 . Propulsion 14 | 2 3 . 1 1 3 3 . . 1 . . Treads 3 | . 1 . . . 1 1 . . . . . Leg 1 | . . . . . . . . . 1 . . Wheel 10 | 2 2 . 1 1 2 2 . . . . . Hover . | . . . . . . . . . . . . Flight . | . . . . . . . . . . . . Utility 27 | 2 2 . . . 3 8 . 2 . 9 1 Device 10 | 1 . . . . 1 2 . 2 . 4 . Storage 4 | 1 1 . . . . . . . . 1 1 Processor 4 | . 1 . . . 2 1 . . . . . Hackware . | . . . . . . . . . . . . Protection 9 | . . . . . . 5 . . . 4 . Artifact . | . . . . . . . . . . . . Weapon 19 | 3 2 . . . 6 5 . 1 1 1 . Energy Gun 7 | 2 2 . . . 3 . . . . . . Energy Cannon 3 | . . . . . . 3 . . . . . Ballistic Gun 3 | 1 . . . . 2 . . . . . . Ballistic Cannon 1 | . . . . . . 1 . . . . . Launcher 3 | . . . . . 1 1 . . . 1 . Special Weapon . | . . . . . . . . . . . . Impact Weapon . | . . . . . . . . . . . . Slashing Weapon 2 | . . . . . . . . 1 1 . . Piercing Weapon . | . . . . . . . . . . . . Special Melee Weapon . | . . . . . . . . . . . . Unidentified Prototypes 6 | . 1 . . . . . . . . 5 . Parts Lost 28 | . . . . . . 15 . 3 . 4 6 Power 3 | . . . . . . 1 . . . 1 1 Propulsion 7 | . . . . . . 5 . . . 1 1 Utility 10 | . . . . . . 4 . 3 . 2 1 Weapon 8 | . . . . . . 5 . . . . 3 Highest Loss Streak 6 | . . . . . . 5 . 3 . 3 6 To Critical Strikes . | . . . . . . . . . . . . Average Backups 17 | 2 10 23 22 20 19 17 19 17 18 13 16 Power 1 | . 1 2 2 2 2 1 1 1 1 1 1 Propulsion 1 | 1 2 5 3 2 1 . 1 1 1 . . Utility 8 | . 3 13 13 13 10 8 9 8 8 7 10 Weapon 5 | . 2 3 3 3 4 6 7 6 6 4 4 Tool/Special . | . . . . . . . . . . . . Unused Backups 35 | . 2 . 1 . 13 1 . . . 1 17 Power 4 | . . . . . 2 . . . . 1 1 Propulsion 2 | . 1 . . . . . . . . . 1 Utility 22 | . . . 1 . 10 1 . . . . 10 Weapon 7 | . 1 . . . 1 . . . . . 5 Tool/Special . | . . . . . . . . . . . . Average Slot Usage (%) 87 | . 100 100 100 100 98 88 76 75 72 74 81 Engine 7 | . 14 14 14 14 9 6 7 7 7 1 . Treads 3 | . 1 1 . . 8 4 . . . . . Leg 1 | . . . . . . . . . 3 2 7 Wheel 13 | . 26 26 28 28 18 9 7 7 7 7 6 Device 9 | . 1 . . . 8 11 7 9 15 10 19 Storage 9 | . 14 14 14 14 9 7 7 7 7 7 15 Processor 14 | . 12 14 14 14 17 16 15 15 15 10 . Protection 3 | . . . . . . 8 15 8 . 4 2 Energy Gun 9 | . 26 28 28 28 17 4 . . . . . Energy Cannon 5 | . . . . . . 10 7 7 4 7 12 Ballistic Gun 2 | . 1 . . . 7 . . . . . . Launcher 2 | . . . . . . 1 7 7 4 7 6 Slashing Weapon 1 | . . . . . . . . 2 5 7 1 Peak Build Rating 100 | 7 14 14 19 20 36 45 42 43 49 82 100 Average Rating 40 | 4 12 14 16 19 33 41 42 42 43 61 94 On Entrance 30 | . 7 14 14 19 20 35 42 42 43 49 77 Avg Prop Armor Cover (%) 9 | . . 7 7 . 12 7 . . 6 6 6 Naked Turns . | . . . . . . . . . . . . Heaviest Build 133 | 14 91 91 91 91 100 133 127 127 104 107 128 Greatest Support 30 | 26 26 26 26 26 22 28 28 28 28 30 30 Greatest Overweight (x) 11 | . 9 5 5 4 4 11 4 4 3 3 4 Average Overweight (x) 3 | . 1 3 3 3 4 5 4 3 3 2 2 Largest Inventory Capacity 25 | 8 25 25 25 25 25 25 25 25 25 25 25 Average Capacity 23 | 6 17 25 25 25 25 25 25 25 25 20 19 Most Carried 25 | 5 23 24 25 25 25 25 24 24 25 25 24 Average Carried 21 | 2 10 23 24 25 24 23 24 22 24 18 19 Final Capacity 25 | 8 25 25 25 25 25 25 25 25 25 25 15 Final Carried 25 | 5 23 24 25 25 25 24 24 21 24 24 15 Class Distribution -------------------- 54% | Mutant 26% | Skirmisher 7% | Golem 7% | Tank 4% | Scavenger-Mutant Dominant Class ---------------- Mutant | -10/Materials Mutant | -10/Mines Mutant | -10/Exiles Mutant | -9/Mines Skirmisher | -8/Materials Mutant | -7/Factory Mutant | -7/Lower Caves Mutant | -7/Lower Caves Mutant | -7/Zion Scavenger-Mutant | -7/Deep Caves Golem | -6/Proximity Caves Resources | -11 -10 -10 -10 -9 -8 -7 -7 -7 -7 -7 -6 ----------- Run | Yrd Mat Min Exi Min Mat Fac Low Low Zio Dee Pro Matter Collected 1839 | 243 199 30 . 55 480 392 7 46 67 257 63 Remotely . | . . . . . . . . . . . . Salvage Created 3175 | 15 366 30 . . 1149 1084 46 24 . 341 120 Parts 157 | 6 32 . . . 56 37 7 4 . 10 5 Haulers Intercepted 5 | . 1 . . . 4 . . . . . . Recyclers Shooed 1 | . 1 . . . . . . . . . . Parts Field Recycled . | . . . . . . . . . . . . Retrieved Matter . | . . . . . . . . . . . . Parts Self-Destructed 20 | . . . . . . . 12 3 . . 5 Prevented . | . . . . . . . . . . . . Parts Restored . | . . . . . . . . . . . . Kills | -11 -10 -10 -10 -9 -8 -7 -7 -7 -7 -7 -6 ------- Run | Yrd Mat Min Exi Min Mat Fac Low Low Zio Dee Pro Combat Hostiles Destroyed 85 | . 9 2 . . 18 21 1 4 . 26 4 Guns 31 | . 9 2 . . 17 3 . . . . . Cannons 21 | . . . . . . 13 1 . . 3 4 AOE 31 | . . . . . 1 3 . 4 . 23 . Classes Destroyed 15 | 1 5 . . . 3 2 . . . 4 . Worker 8 | . 4 . . . 2 2 . . . . . Tunneler 2 | 1 . . . . 1 . . . . . . Hauler 5 | . 1 . . . 4 . . . . . . Recycler 4 | . . . . . 2 2 . . . . . Drone 4 | . . . . . . . . . . 3 1 Watcher 3 | . 2 . . . . 1 . . . . . Swarmer 24 | . 6 2 . . 5 5 . 4 . . 2 Grunt 16 | . 3 . . . 8 5 . . . . . Brawler 1 | . . . . . . 1 . . . . . Duelist 4 | . . . . . 1 2 . . . . 1 Sentry 9 | . . . . . 4 5 . . . . . Programmer 4 | . . . . . . 3 1 . . . . Z-Light 3 | . . . . . . . . . . 3 . Assembled 22 | . . . . . . . . . . 22 . Golem 1 | . . . . . . . . . . 1 . Best Kill Streak 20 | 1 4 1 . . 3 6 1 4 . 20 3 Combat Bots Only 20 | . 3 1 . . 3 5 1 4 . 20 3 Max Kills in Single Turn 6 | 1 1 1 . . 2 3 1 2 . 6 1 Gunslinging 1 | . . . . . 1 . . . . . . Exploded 6 | . . . . . 1 3 . 2 . 6 . Melee . | . . . . . . . . . . . . Uniques/NPCs Destroyed 1 | . . . . . . . . . . 1 . Z-Imprinter (-7/Deep Caves) Combat | -11 -10 -10 -10 -9 -8 -7 -7 -7 -7 -7 -6 -------- Run | Yrd Mat Min Exi Min Mat Fac Low Low Zio Dee Pro Hostile Shots Fired 527 | . 36 14 . . 56 340 19 6 . 17 39 Missed 167 | . 8 5 . . 16 117 6 . . 7 8 Hits 360 | . 28 9 . . 40 223 13 6 . 10 31 Melee 23 | . . . . . 2 10 . . . 1 10 Projectile 337 | . 28 9 . . 38 213 13 6 . 9 21 Critical Strikes 7 | . . . . . 1 4 2 . . . . Damage Taken 5165 | . 287 70 . . 568 2450 94 120 . 767 809 Core 824 | . 52 8 . . 85 343 14 38 . 149 135 Absorbed by Shields 94 | . . . . . . 94 . . . . . Redirected to Shielding 252 | . . . . . . . . . . 252 . Ignored by Resistances 243 | . . . . . . 196 14 33 . . . Core Remaining (%) 86 | 100 . . . 76 84 . . . . . . Volleys Fired 267 | 1 38 9 . . 54 115 1 3 . 36 10 Largest 3 | 2 2 2 . . 3 3 1 1 . 1 2 Hottest 160 | 60 112 112 . . 142 160 80 33 . 80 50 Shots Fired 418 | 2 62 12 . . 136 150 1 3 . 36 16 Gun 238 | 2 62 12 . . 134 28 . . . . . Cannon 157 | . . . . . . 120 1 . . 20 16 Launcher 23 | . . . . . 2 2 . 3 . 16 . Special . | . . . . . . . . . . . . Kinetic 96 | 1 1 . . . 45 49 . . . . . Thermal 299 | 1 61 12 . . 89 99 1 . . 20 16 Explosive 23 | . . . . . 2 2 . 3 . 16 . Electromagnetic . | . . . . . . . . . . . . Robot Hit Streak 29 | 1 17 4 . . 18 29 7 . . 4 10 Robot Miss Streak 4 | . 3 2 . . 2 2 . . . 4 1 Penetration Max . | . . . . . . . . . . . . Secondary Targets 9 | . 3 . . . 4 2 . . . . . Max Gunslinging Chain 1 | . 1 . . . 1 1 . . . . . Shots Hit Robots 288 | 1 47 7 . . 96 110 1 . . 13 13 Core Hits 192 | 1 17 2 . . 46 44 1 6 . 69 6 Critical Kills 1 | . . . . . . 1 . . . . . Critical Parts Destroyed 1 | . . . . . 1 . . . . . . Critical Strikes 20 | . 8 1 . . 6 5 . . . . . Burn 16 | . 8 1 . . 5 2 . . . . . Meltdown 1 | . . . . . . 1 . . . . . Destroy 1 | . . . . . 1 . . . . . . Blast 2 | . . . . . . 2 . . . . . Melee Attacks 1 | . . . . . . . . . 1 . . Impact . | . . . . . . . . . . . . Slashing 1 | . . . . . . . . . 1 . . Piercing . | . . . . . . . . . . . . Sneak Attacks . | . . . . . . . . . . . . Combat Hostiles . | . . . . . . . . . . . . Follow-up Attacks . | . . . . . . . . . . . . Damage Inflicted 9151 | 12 832 123 . . 1765 2893 33 353 . 2586 554 Guns 2949 | 12 826 123 . . 1648 340 . . . . . Cannons 3134 | . . . . . . 2295 33 . . 252 554 Explosions 3062 | . . . . . 117 258 . 353 . 2334 . Melee . | . . . . . . . . . . . . Ramming 6 | . 6 . . . . . . . . . . Kinetic 1245 | . 10 . . . 426 809 . . . . . Thermal 4838 | 12 816 123 . . 1222 1826 33 . . 252 554 Explosive 3062 | . . . . . 117 258 . 353 . 2334 . Electromagnetic . | . . . . . . . . . . . . Impact . | . . . . . . . . . . . . Slashing . | . . . . . . . . . . . . Piercing . | . . . . . . . . . . . . Highest Corruption 4 | . . . . . . 4 4 4 4 . . Average Corruption 2 | . . . . . . 2 4 4 4 . . Corruption Purged . | . . . . . . . . . . . . Corruption Blocked . | . . . . . . . . . . . . Effects 41 | . . . . . . 24 9 6 2 . . Message Errors 9 | . . . . . . 7 1 . 1 . . Matter Fused 9 | . . . . . . 3 4 2 . . . Heat Flow Errors 8 | . . . . . . 5 1 2 . . . Energy Discharges 7 | . . . . . . 4 1 1 1 . . Data Loss (minor) 6 | . . . . . . 4 1 1 . . . Data Loss (major) 2 | . . . . . . 1 1 . . . . Overload Shots . | . . . . . . . . . . . . Overflow Damage 203 | . . . . . . 91 . 41 . 70 1 Projectiles 97 | . . . . . . 91 . . . 5 1 Explosions 106 | . . . . . . . . 41 . 65 . Melee . | . . . . . . . . . . . . Knockbacks 3 | . . . . . . 3 . . . . . Impact . | . . . . . . . . . . . . Kinetic 2 | . . . . . . 2 . . . . . Secondary 1 | . . . . . . 1 . . . . . Self-Inflicted Damage 127 | . 3 . . . . 46 . 55 . 23 . Shots 4 | . . . . . . 1 . 2 . 1 . Rammed 1 | . 1 . . . . . . . . . . Targets Rammed 1 | . 1 . . . . . . . . . . Kicked . | . . . . . . . . . . . . Crushed . | . . . . . . . . . . . . Highest Temperature 302 | . 217 181 . . 27 210 302 215 . 28 . Average Temperature 55 | . 74 78 . . 15 37 140 97 . 12 . Received Heat Transfer 1295 | . 63 . . . 216 518 342 . . 48 108 Siege Activations . | . . . . . . . . . . . . Martial Activations . | . . . . . . . . . . . . Shielding Activations . | . . . . . . . . . . . . Robots Disrupted . | . . . . . . . . . . . . Combat Hostiles . | . . . . . . . . . . . . Robots Corrupted . | . . . . . . . . . . . . Combat Hostiles . | . . . . . . . . . . . . Parts Fried . | . . . . . . . . . . . . Impact Corruptions . | . . . . . . . . . . . . Robots Melted 2 | . . . . . . 2 . . . . . Combat Hostiles 2 | . . . . . . 2 . . . . . Parts Melted 18 | . 2 2 . . 4 10 . . . . . Heat Transferred 10061 | 25 2331 333 . . 2997 3690 50 . . 310 325 Parts Sabotaged . | . . . . . . . . . . . . Parts Stolen . | . . . . . . . . . . . . Parts Stripped . | . . . . . . . . . . . . Power Chain Reactions . | . . . . . . . . . . . . Alert | -11 -10 -10 -10 -9 -8 -7 -7 -7 -7 -7 -6 ------- Run | Yrd Mat Min Exi Min Mat Fac Low Low Zio Dee Pro Maximum Alert Level 1 | . . . . . 1 1 . . . . . Low Security (%) 91 | 100 100 100 . 100 83 95 . . . . . Level 1 8 | . . . . . 16 4 . . . . . Level 2 . | . . . . . . . . . . . . Level 3 . | . . . . . . . . . . . . Level 4 . | . . . . . . . . . . . . Level 5 . | . . . . . . . . . . . . High Security . | . . . . . . . . . . . . Max Security . | . . . . . . . . . . . . Peak Influence 222 | 5 94 85 . . 222 210 . . . . . Initial 90 | . . 7 . . . 90 . . . . . Average 75 | . 47 19 . . 96 77 . . . . . Influence Increases 2090 | 5 335 95 . . 770 700 30 90 . . 65 Destroy 0b10 Robot/C 1240 | . 180 40 . . 440 420 20 80 . . 60 Destroy 0b10 Robot/NC 115 | 5 35 . . . 45 25 . . . . 5 Destroy Leader 296 | . 46 10 . . 108 112 10 10 . . . Allied During Kill 16 | . . . . . 16 . . . . . . Successful Hack 99 | . 29 . . . 28 42 . . . . . Disable Machine 60 | . . . . . . 60 . . . . . Destroy Structure 24 | . . . . . 13 11 . . . . . Partial Spotted 15 | . . . . . . 15 . . . . . Lose Combat Pursuer 225 | . 45 45 . . 120 15 . . . . . Influence Decreases 2090 | 5 316 49 65 . 571 725 204 90 . . 65 Entered New Map 252 | . . 12 65 . . 109 66 . . . . Time Decay 1434 | 5 316 37 . . 381 476 138 60 . . 21 Lost Part 214 | . . . . . . 140 . 30 . . 44 Lost Ally 40 | . . . . . 40 . . . . . . Purge Threat 150 | . . . . . 150 . . . . . . Squads Dispatched 11 | . 2 . . . 2 6 . . . . 1 Investigation . | . . . . . . . . . . . . Extermination 3 | . . . . . . 3 . . . . . Reinforcement 4 | . 2 . . . 2 . . . . . . Assault 1 | . . . . . . . . . . . 1 Garrison 3 | . . . . . . 3 . . . . . Intercept . | . . . . . . . . . . . . Searches Triggered . | . . . . . . . . . . . . Construction Impeded . | . . . . . . . . . . . . Haulers Reinforced . | . . . . . . . . . . . . Active Scanning Responses . | . . . . . . . . . . . . Cargo Convoy Interrupts . | . . . . . . . . . . . . Stealth | -11 -10 -10 -10 -9 -8 -7 -7 -7 -7 -7 -6 --------- Run | Yrd Mat Min Exi Min Mat Fac Low Low Zio Dee Pro Distress Signals 4 | . . . . . 2 2 . . . . . Communications Jammed . | . . . . . . . . . . . . Distress Signals . | . . . . . . . . . . . . Times Spotted 173 | . 17 5 . . 38 27 2 4 . 66 14 Peak Tracking Total 29 | . 4 3 . . 9 4 1 4 . 29 10 Tactical Retreats 11 | . 3 2 . . 3 1 . . . 2 . Traps | -11 -10 -10 -10 -9 -8 -7 -7 -7 -7 -7 -6 ------- Run | Yrd Mat Min Exi Min Mat Fac Low Low Zio Dee Pro Traps Triggered 3 | . 1 . . . . 2 . . . . . Indirectly . | . . . . . . . . . . . . Trap Hack Attempts . | . . . . . . . . . . . . Triggered . | . . . . . . . . . . . . Disarmed . | . . . . . . . . . . . . Reprogrammed . | . . . . . . . . . . . . Reused . | . . . . . . . . . . . . Traps Extracted . | . . . . . . . . . . . . Installed . | . . . . . . . . . . . . Triggered . | . . . . . . . . . . . . Machines | -11 -10 -10 -10 -9 -8 -7 -7 -7 -7 -7 -6 ---------- Run | Yrd Mat Min Exi Min Mat Fac Low Low Zio Dee Pro Machines Disabled 8 | . . . . . . 4 . . . 4 . Max in Single Turn 1 | . . . . . . 1 . . . 1 . Machines Repaired . | . . . . . . . . . . . . Machines Dismantled . | . . . . . . . . . . . . Machines Sabotaged . | . . . . . . . . . . . . Overloaded Fab Kills . | . . . . . . . . . . . . Hacking | -11 -10 -10 -10 -9 -8 -7 -7 -7 -7 -7 -6 --------- Run | Yrd Mat Min Exi Min Mat Fac Low Low Zio Dee Pro Machines Accessed 22 | . 8 . 2 . 5 7 . . . . . Terminals 14 | . 6 . . . 4 4 . . . . . Fabricators 2 | . . . . . . 2 . . . . . Repair Stations . | . . . . . . . . . . . . Recycling Units 3 | . 2 . . . . 1 . . . . . Scanalyzers 1 | . . . . . 1 . . . . . . Garrison Access . | . . . . . . . . . . . . Total Hacks 55 | . 23 . 3 . 16 13 . . . . . Successful 32 | . 12 . 3 . 10 7 . . . . . Failed 22 | . 11 . . . 5 6 . . . . . Catastrophic 1 | . . . . . 1 . . . . . . Database Lockouts 1 | . . . . . 1 . . . . . . Manual 32 | . 14 . 1 . 6 6 . . 5 . . Terminals 43 | . 21 . . . 13 9 . . . . . Fabricators 3 | . . . . . . 3 . . . . . Repair Stations . | . . . . . . . . . . . . Recycling Units 3 | . 2 . . . . 1 . . . . . Scanalyzers 3 | . . . . . 3 . . . . . . Garrison Access . | . . . . . . . . . . . . Terminal Hacks 13 | . 5 . 3 . 4 1 . . . . . Record 2 | . . . 2 . . . . . . . . Robot Analysis 4 | . 2 . . . 2 . . . . . . Prototype ID Bank 1 | . 1 . . . . . . . . . . Unreport Threat 1 | . . . . . 1 . . . . . . Locate Traps 2 | . 1 . . . . 1 . . . . . Recall Assault 1 | . . . . . 1 . . . . . . Zone Layout 1 | . 1 . . . . . . . . . . Proto ID Catalog 1 | . . . 1 . . . . . . . . Fabricator Hacks 2 | . . . . . . 2 . . . . . Network Status 1 | . . . . . . 1 . . . . . Build 1 | . . . . . . 1 . . . . . Repair Station Hacks . | . . . . . . . . . . . . Recycling Unit Hacks 3 | . 2 . . . . 1 . . . . . Report Inventory 1 | . . . . . . 1 . . . . . Retrieve Components 2 | . 2 . . . . . . . . . . Scanalyzer 2 | . . . . . 2 . . . . . . Retrieve Study 2 | . . . . . 2 . . . . . . Garrison Access Hacks . | . . . . . . . . . . . . Unauthorized Hacks 12 | . 5 . . . 4 3 . . . . . Terminals 12 | . 5 . . . 4 3 . . . . . Botnet 12 | . 5 . . . 4 3 . . . . . Fabricators . | . . . . . . . . . . . . Repair Stations . | . . . . . . . . . . . . Recycling Units . | . . . . . . . . . . . . Scanalyzers . | . . . . . . . . . . . . Garrison Access . | . . . . . . . . . . . . Data Cores Recovered . | . . . . . . . . . . . . Used . | . . . . . . . . . . . . Hacking Detections 16 | . 7 . . . 3 6 . . . . . Full Trace Events . | . . . . . . . . . . . . Feedback Events . | . . . . . . . . . . . . Feedback Blocked . | . . . . . . . . . . . . Robot Schematics Acquired 3 | . . . . . . . . . 3 . . Robots Built . | . . . . . . . . . . . . Authchips . | . . . . . . . . . . . . Time . | . . . . . . . . . . . . Total Robot Build Rating . | . . . . . . . . . . . . Part Schematics Acquired 14 | . . . . . . . . . 14 . . Parts Built 2 | . . . . . . 2 . . . . . Authchips . | . . . . . . . . . . . . Time 84 | . . . . . . 84 . . . . . Total Part Build Rating 8 | . . . . . . 8 . . . . . Part Studies Acquired 2 | . . . . . 2 . . . . . . Parts Repaired . | . . . . . . . . . . . . Time . | . . . . . . . . . . . . Parts Recycled . | . . . . . . . . . . . . Recycled Matter . | . . . . . . . . . . . . Retrieved Matter . | . . . . . . . . . . . . Retrieved Components 10 | . 10 . . . . . . . . . . Parts Scanalyzed . | . . . . . . . . . . . . Part Schematics Acquired . | . . . . . . . . . . . . Parts Damaged . | . . . . . . . . . . . . Bothacking | -11 -10 -10 -10 -9 -8 -7 -7 -7 -7 -7 -6 ------------ Run | Yrd Mat Min Exi Min Mat Fac Low Low Zio Dee Pro Used RIF Installer . | . . . . . . . . . . . . Robots Hacked . | . . . . . . . . . . . . Non-combat . | . . . . . . . . . . . . Combat . | . . . . . . . . . . . . Robot Hacks Applied . | . . . . . . . . . . . . Relay Couplers Released . | . . . . . . . . . . . . Fabnet Peak Effective % . | . . . . . . . . . . . . Robots Rewired . | . . . . . . . . . . . . Allies Hacked . | . . . . . . . . . . . . Hacks Repelled . | . . . . . . . . . . . . Allies | -11 -10 -10 -10 -9 -8 -7 -7 -7 -7 -7 -6 -------- Run | Yrd Mat Min Exi Min Mat Fac Low Low Zio Dee Pro Total Allies 10 | . . . . 2 . . . . 8 . . Largest Group 8 | . . . . 2 2 . . . 8 8 . Highest-Rated Group 327 | . . . . 41 41 . . . 327 327 . Highest-Rated Ally 96 | . . . . 31 31 . . . 96 96 . Total Orders . | . . . . . . . . . . . . Ally Attacks 367 | . . . . . 10 . . . . 357 . Total Damage 7001 | . . . . . 187 . . . . 6814 . Kills 53 | . . . . . 4 . . . . 49 . Allies Corrupted . | . . . . . . . . . . . . Allies Melted . | . . . . . . . . . . . . Intel | -11 -10 -10 -10 -9 -8 -7 -7 -7 -7 -7 -6 ------- Run | Yrd Mat Min Exi Min Mat Fac Low Low Zio Dee Pro Active Infowar (turns) 6359 | 7 61 . . . 2009 1893 350 358 998 683 . Optics 6291 | . . . . . 2009 1893 350 358 998 683 . Sensors 1297 | . . . . . . . . 140 998 159 . Seismic 68 | 7 61 . . . . . . . . . . Robot Analysis Total 4 | . 2 . . . 2 . . . . . . Derelict Logs Recovered 1 | . . . . . . . . . 1 . . Drone Launches 30 | . . . . . . . . . . 30 . Drone Recoveries . | . . . . . . . . . . . . Exploration | -11 -10 -10 -10 -9 -8 -7 -7 -7 -7 -7 -6 ------------- Run | Yrd Mat Min Exi Min Mat Fac Low Low Zio Dee Pro Turns Passed 8547 | 62 791 234 292 84 2027 1893 350 358 998 973 485 Spaces Moved 4685 | 45 541 133 210 58 990 827 217 225 668 572 199 Core 2 | 2 . . . . . . . . . . . Treads . | . . . . . . . . . . . . Legs 13 | . . . . . . . . . . 1 12 Wheels 4670 | 43 541 133 210 58 990 827 217 225 668 571 187 Hover . | . . . . . . . . . . . . Flight . | . . . . . . . . . . . . Fastest Speed 50 | 50 90 135 135 135 140 155 160 145 145 100 130 Average Speed 145 | 88 112 143 136 143 144 171 160 153 145 140 137 Slowest Speed 245 | 100 215 175 175 145 145 245 160 160 145 240 240 Overloaded Moves . | . . . . . . . . . . . . Propulsion Burnouts . | . . . . . . . . . . . . Robots Hopped . | . . . . . . . . . . . . Potential Cave-ins . | . . . . . . . . . . . . Cave-ins Triggered . | . . . . . . . . . . . . Exploration Rate (%) 45 | 4 90 29 60 22 57 15 50 48 78 68 29 Regions Visited 11 Branch Regions 8 Pre-discovered Areas 4 | . . . 1 . . . . . 3 . . Known Exits Taken 1 | . . . . . . 1 . . . . . Unknown Exits Taken 10 | 1 1 1 1 1 1 . 1 1 1 1 . Scrap Searched 5 | . . . . 1 . . . . 3 . 1 Spaces Dug 32 | . . . . . . 13 . 19 . . . Terrain Destroyed 83 | . . . . . 16 14 . 19 . 31 3 Melee . | . . . . . . . . . . . . Projectile 6 | . . . . . . 3 . . . . 3 AOE 77 | . . . . . 16 11 . 19 . 31 . Terrain Rammed . | . . . . . . . . . . . . Walls Destroyed . | . . . . . . . . . . . . Machines Disabled . | . . . . . . . . . . . . Actions | -11 -10 -10 -10 -9 -8 -7 -7 -7 -7 -7 -6 --------- Run | Yrd Mat Min Exi Min Mat Fac Low Low Zio Dee Pro Total 6060 | 61 657 164 218 59 1490 1159 219 235 696 708 394 Wait 878 | 3 35 20 . . 391 181 2 5 19 41 181 Move 4674 | 44 540 132 209 57 989 826 216 224 667 571 199 Hop . | . . . . . . . . . . . . Pick Up 83 | 4 19 1 1 . 16 15 . . 2 25 . Fast Attach 35 | 8 3 . 1 . 6 4 . . 1 12 . Attach 21 | . . . . . . 13 . 3 3 2 . Detach 4 | 1 . . . . . . . . 3 . . Swap 33 | . 13 2 1 1 10 2 . . . 3 1 Drop 63 | . 8 . 6 1 24 3 . . . 18 3 Fire 267 | 1 38 9 . . 54 115 1 3 . 36 10 Melee 1 | . . . . . . . . . 1 . . Ram 1 | . 1 . . . . . . . . . . Kick . | . . . . . . . . . . . . Crush . | . . . . . . . . . . . . Escape Stasis . | . . . . . . . . . . . . Rewire . | . . . . . . . . . . . . Trap . | . . . . . . . . . . . . Miscellaneous . | . . . . . . . . . . . . Route ------- -11/Scrapyard -10/Materials (discovered 4 exits: [*Mat x3] / [*Min]) -10/Mines -10/Exiles -9/Mines -8/Materials -7/Factory (discovered 3 exits: [*Fac x2] / *Low) -7/Lower Caves -7/Lower Caves -7/Zion -7/Deep Caves -6/Proximity Caves History --------- Turn | Location | Event 8 | -11/Scrapyard | Discovered new exit (range 15) 63 | -11/Scrapyard | Entered Materials 241 | -10/Materials | Discovered new exit (range 15) 275 | -10/Materials | Discovered new exit (range 14) 302 | -10/Materials | Build established: Mutant 448 | -10/Materials | Discovered new exit (range 15) 737 | -10/Materials | Discovered new exit (range 13) 854 | -10/Materials | Entered Mines 861 | -10/Mines | Received a Rocket Launcher from a helpful Derelict 1081 | -10/Mines | Deemed a non-threat by the Exiles lab entrance 1081 | -10/Mines | Discovered new exit (range 5) 1088 | -10/Mines | Entered Exiles 1126 | -10/Exiles | Met 8R-AWN 1151 | -10/Exiles | Met EX-HEX 1186 | -10/Exiles | Met EX-BIN 1202 | -10/Exiles | Aligned with FarCom system 1203 | -10/Exiles | Given EX-Vault access code 1234 | -10/Exiles | Opened EX-Vault 1247 | -10/Exiles | Found Army-in-a-Box 1276 | -10/Exiles | Warned to stay clear of 0b10 Research branches 1316 | -10/Exiles | Met EX-DEC 1322 | -10/Exiles | Learned location of Zion (-7) 1362 | -10/Exiles | Discovered new exit (range 14) 1380 | -10/Exiles | Left Exiles lab with Army-in-a-Box 1380 | -10/Exiles | Entered Mines 1457 | -9/Mines | Discovered new exit (range 5) 1464 | -9/Mines | Entered Materials 1464 | -8/Materials | Accompanied by 2 allies 1464 | -8/Materials | Evolved 4 slots: Propulsion x1, Utility x2, Weapon x1 1471 | -8/Materials | Led the pair of lost Derelicts to an unsafe place 1984 | -8/Materials | Build established: Skirmisher 2892 | -8/Materials | Discovered new exit (range 6) 2987 | -8/Materials | Central database locked down 3491 | -8/Materials | Entered Factory 3491 | -7/Factory | Evolved 2 slots: Utility x2 3589 | -7/Factory | Lost 5 parts (2n2u1w) 3777 | -7/Factory | Discovered new exit (range 19) 3842 | -7/Factory | Build established: Tank 4036 | -7/Factory | Discovered new exit (range 3) 4141 | -7/Factory | Identified exit to Lower Caves 4446 | -7/Factory | Build established: Skirmisher 4590 | -7/Factory | Garrison activated, responded to threat 4653 | -7/Factory | Lost 5 parts (2n1u2w) 4760 | -7/Factory | Fabricated Lightning Gun? 4883 | -7/Factory | Lost 4 parts (1n1u2w) 4892 | -7/Factory | Build established: Mutant 5061 | -7/Factory | Discovered new exit (range 5) 5384 | -7/Factory | Entered Lower Caves 5688 | -7/Lower Caves | Spotted B-75 Beast 5692 | -7/Lower Caves | Core integrity fell below 50% 5718 | -7/Lower Caves | Discovered new exit (range 10) 5734 | -7/Lower Caves | Entered another Lower Caves area 5979 | -7/Lower Caves | Lost 3 parts (3u) 6081 | -7/Lower Caves | Discovered new exit (range 9) 6092 | -7/Lower Caves | Entered Zion 6143 | -7/Zion | System corruption cleaned by Quarantine Array 6184 | -7/Zion | Given A8's code to call for help 6258 | -7/Zion | Given the Hacking Drone Bay 6258 | -7/Zion | Found Prototype Device 6330 | -7/Zion | Learned Factory emergency access door positions 6432 | -7/Zion | Found Prototype Device 6517 | -7/Zion | Learned location of Extension (-6) 6580 | -7/Zion | Acquired unknown access codes intercepted by a Zionite 6670 | -7/Zion | Learned location of Warlord (-4) 6708 | -7/Zion | Learned location of Armory (-3) 6792 | -7/Zion | Gained Derelict followers 7042 | -7/Zion | Opened final containment barrier to the Deep Caves 7062 | -7/Zion | Enhanced Grunt warped into view, answering call for help 7064 | -7/Zion | Enhanced Grunt warped into view, answering call for help 7074 | -7/Zion | Discovered new exit (range 3) 7074 | -7/Zion | Saw the warning signs outside the Deep Caves entrance 7090 | -7/Zion | Entered Deep Caves 7090 | -7/Deep Caves | Accompanied by 8 allies 7185 | -7/Deep Caves | Z-Facility disabled 7189 | -7/Deep Caves | Attacked by Z-Imprinter 7223 | -7/Deep Caves | Allies destroyed Z-Imprinter 7245 | -7/Deep Caves | Lost 4 allies 7249 | -7/Deep Caves | Found Prototype Protection 7249 | -7/Deep Caves | Identified Zio. Weapon Casing 7274 | -7/Deep Caves | Found Zio. Weapon Casing 7370 | -7/Deep Caves | Lost 3 parts (1n2u) 7370 | -7/Deep Caves | Lost 3 allies 7506 | -7/Deep Caves | Found Zio. Weapon Casing 7712 | -7/Deep Caves | Discovered new exit (range 7) 7761 | -7/Deep Caves | Build established: Scavenger-Mutant 7866 | -7/Deep Caves | Spotted Golem 7877 | -7/Deep Caves | Allies destroyed Golem 7887 | -7/Deep Caves | Triggered Deep Caves wall 7890 | -7/Deep Caves | Exposed GOLEM chamber 7898 | -7/Deep Caves | Spotted Assembler 7909 | -7/Deep Caves | Spotted Golem 7910 | -7/Deep Caves | Found GOLEM Unit 7913 | -7/Deep Caves | Found GOLEM Unit 7917 | -7/Deep Caves | Spotted Assembler 7921 | -7/Deep Caves | Allies destroyed Assembler 7929 | -7/Deep Caves | Found GOLEM Unit 7941 | -7/Deep Caves | Destroyed 20 combat bots 7979 | -7/Deep Caves | Lost 29 allies 8063 | -7/Deep Caves | Entered Proximity Caves 8221 | -6/Proximity Caves | Build established: Golem 8324 | -6/Proximity Caves | Spotter reported a threat 8367 | -6/Proximity Caves | Encountered a Derelict sapper outpost 8498 | -6/Proximity Caves | Core integrity fell below 20% 8504 | -6/Proximity Caves | Attracted the attention of an 0b10 outpost 8548 | -6/Proximity Caves | Self-destructed Last Messages --------------- 08517_ Destroyed Carbon-fiber Leg. 08519_ Arm. Huge Wheel destroyed. 08519_ Slug penetrates Wall. 08520_ GOLEM Unit beginning Asb. Alloy Leg integration. 08520_ L-41 Fighter destroyed. 08522_ Penetrated by Slug. 08528_ Asb. Nanovents destroyed. 08528_ Penetrated by Slug. 08528_ Asb. Focal Cannon destroyed. 08528_ Rocket Launcher+ destroyed. 08531_ Carbon-fiber Leg fries itself beyond repair. 08531_ Penetrated by Slug. 08533_ Zio. Light DM Reactor destroyed. 08535_ Y-64 Sentinel heat damages Unknown Power Core. 08536_ Asb. Focal Cannon destroyed. 08538_ Microactuators fries itself beyond repair. Map ----- +----------------------------------------------------+ | ?????????????????????????????????????????????????? | | ?????????????????????????????????????????????????? | | ?????????????????????????????????????????????????? | | ?????????????????????????????????????????????????? | | ?????????????????????????????????????????????????? | | ?????????????????????????????????????????????????? | | ?????????????????????????????????????????????????? | | ?????????????????????????????????????????????????? | | ?????????????????????????????????????????????????? | | ?????????????????????????????????????????????????? | | ?????????????????????????????????????????????????? | | ?????????????????????????????????????????????????? | | ?????????????????????????????????????????????????? | | ?????????????????????????????????????????????????? | | ????????????????????????????#????????????????????? | | ???????????????????????????# ????????????????????? | | ????????????????????????### ????????????????????? | | ????????????????????????gg ?????????????????????? | | ????????????????????????g ?????????????????????? | | ??????????????????????? ?????????????????????? | | ##?????????????????????? #?????????????????????? | | ??????????????????????? #?????????????????????? | | ???"???????????????????# #?????????????????????? | | #?? "???????????????????# #?????????????????????? | | ?# "???????????????????# #?????????????????????? | | # ????????????#########@ #?????????????????????? | | ?????????????# l #?????????????????????? | | #??????????????# gl #?????????????????????? | | #???????????????# #########?????????????????????? | | ????????????????# #?###?????????????????????????? | | #???????????????# #?# ?????????????????????????? | | ##??????????????# #?# #?????????????????????????? | | #??????????????# ### #?????????????????????????? | | ################!% #??????#??????????????????? | | ## ### #???? "#??????????????????? | | ##### ##### ##=#" "#??????????????????? | | ##???# #???# *%="## ###??????????????????? | | ##????# #??# ## # # #????????????????? | | ##?????# #??## ### #???????????????? | | ???????# ???##"####?# #???????????????? | | ??????? ????##????# #### ####???????????????? | | ??????? ??????????# ?????#??????????????????? | | ???????" ?????????? ???????????????????????? | | ???????" ?????????#### ???????????????????????? | | ???????"" ????????????# ??????????????????????? | | ????????" ????????????# ?????????????????????? | | ???????? ????????????# ?????????????????????? | | ????????? ?????????????### ????????????????????? | | ?????????#????????????????# ????????????????????? | | ???????????????????????????##????????????????????? | +----------------------------------------------------+ Best States ------------- Heat Dissipation 74 Energy Generation 27 Energy Capacity 1100 Matter Stores 300 Matter Capacity 300 Sight Range 20 Robot Scan Range 15 Terrain Scan Density 10 Armor Coverage 600 Resistance: KI 30 Resistance: TH 10 Weapon Shielding 100 Evasion (%) 50 Targeting Accuracy 8 Recoil Reduction 1 Item Schematics ----------------- Coil Gun | -7/Zion | Archive Arm. Huge Wheel | -7/Zion | Archive Hvy. Flak Cannon | -7/Zion | Archive Lightning Gun | -7/Zion | Archive Imp. EM Pulse Cannon | -7/Zion | Archive Drone Bay | -7/Zion | Archive Wave Gun | -7/Zion | Archive Imp. Titanium Leg | -7/Zion | Archive Field Propulsion Drive | -7/Zion | Archive Imp. Melee Analysis Suite | -7/Zion | Archive Imp. Core Shielding | -7/Zion | Archive Arc Projector | -7/Zion | Archive Imp. Hacking Suite | -7/Zion | Archive Gauss Cannon | -7/Zion | Archive Robot Schematics ------------------ X-62 Marksman | -7/Zion | Archive S-27 Virus | -7/Zion | Archive G-73 Enforcer | -7/Zion | Archive Fabricated ------------ Lightning Gun | x2 | -7/Factory | Preloaded Repaired ---------- Nothing Studied --------- Assault Cannon | -8/Materials | Hacked Rocket Launcher | -8/Materials | Hacked Alien Tech Used ----------------- None Achievements -------------- None Challenges ------------ None Game ------ Seed CorePhaseComputer Manual? 0 Play Time 00:55:09 Cumulative 144.3 hours Start 2026.03.21 @ 21:29:08 End 2026.03.21 @ 22:22:38 Sessions 1 Manual Loads 0 Difficulty Rogue Special Mode None Game No. 120 Rogue 120 Adventurer 0 Explorer 0 Win Type - Total 2 Types 2/0/0/0/0/0/0/0/0/0 Lore% 71 Gallery% 58 Achievement% 51 Wizard Run 0 Options --------- Layout 2 ASCII 0 Keyboard 0 Movement Mouse Keybinds 0 Fullscreen 1 Font 24/Smallcaps Map View 50x44 Zoom Use 0% Tactical HUD 1 Map Filters NONE Filters NONE Steam 1 RUN: ec217af8-9607-4157-98ce-1b6356dd4661